 Dungeon Crawl Stone Soup version 0.29-a0-22-gbf593b16ee (webtiles) character file.

Game seed: 10788531960240007239

169418 spiderkeys the Severer (level 17, -2/168 HPs)
             Began as a Deep Dwarf Abyssal Knight on Jan 15, 2022.
             Was the Champion of Lugonu.
             Succumbed to an emperor scorpion's poison
             ... on level 2 of the Spider Nest on Jan 29, 2022.
             The game lasted 02:26:17 (46724 turns).

spiderkeys the Severer (Deep Dwarf Abyssal Knight) Turns: 46724, Time: 02:26:17

Health: -2/168     AC: 18    Str: 26    XL:     17   Next: 35%
Magic:  17/18      EV: 14    Int: 13    God:    Lugonu [******]
Gold:   1659       SH:  7    Dex: 13    Spells: 10/26 levels left

rFire   x . .      SeeInvis .   a - +6 broad axe (vamp)
rCold   + + .      Faith    .   f - +2 buckler {reflect}
rNeg    + . .      Spirit   .   r - +0 ice dragon scales
rPois   .          Reflect  +   j - +1 helmet
rElec   .          Harm     .   e - +1 cloak
rCorr   .          Rampage  .   m - +1 pair of gloves {Str+3}
Will    ++...                   y - +0 pair of boots
Stlth   ..........              (no amulet)
HPRegen 0.00/turn               E - +4 ring of evasion
MPRegen 0.16/turn               O - +4 ring of protection

@: lethally poisoned (-2 -> -16), corroded
A: damage resistance, heal wounds, negative energy resistance 1, sense
surroundings 2, no regeneration
a: Heal Wounds, Renounce Religion, Depart the Abyss, Bend Space, Banish,
Corrupt, Enter the Abyss, Brand Weapon With Distortion


You were on level 2 of the Spider Nest.
You worshipped Lugonu.
Lugonu was exalted by your worship.
You visited 7 branches of the dungeon, and saw 33 of its levels.
You visited the Abyss 2 times.
You also visited: Sewer and Ice Cave.

You collected 2904 gold pieces.
You spent 1245 gold pieces at shops.


Innate Abilities, Weirdness & Mutations

You are resistant to damage.
You can heal yourself by infusing magical energy.
You resist negative energy. (rN+)
You passively map the area around you.
You do not regenerate.


   Skills:
 + Level 14.7 Fighting
 + Level 17.2 Axes
 + Level 17.2 Armour
 - Level 1.1 Dodging
 * Level 5.1 Shields
 - Level 5.0 Spellcasting
 - Level 13.0 Necromancy
 - Level 9.0 Invocations
 - Level 11.4 Evocations


You had 10 spell levels left.
You knew the following spells:

 Your Spells              Type           Power      Damage    Failure   Level
a - Animate Dead          Necr           18%        N/A       2%          4
e - Excruciating Wounds   Necr           18%        N/A       6%          5
n - Dispel Undead         Necr           37%        3d15      2%          4
v - Vampiric Draining     Necr           37%        2d8       1%          3

Your spell library contained the following spells:

 Spells                   Type           Power      Damage    Failure   Level
 Pain                     Necr           100%       1d9       1%          1
 Corpse Rot               Necr/Air       40%        N/A       4%          2
 Agony                    Necr           37%        N/A       6%          5
 Death Channel            Necr           18%        N/A       34%         6
 Sandblast                Erth           6%         2d5       43%         1
 Shock                    Conj/Air       12%        1d3       43%         1
 Slow                     Hex            12%        N/A       43%         1
 Blink                    Tloc           6%         N/A       56%         2
 Ensorcelled Hibernation  Hex/Ice        6%         N/A       56%         2
 Passwall                 Tmut/Erth      2%         N/A       56%         2
 Static Discharge         Conj/Air       3%         N/A       56%         2
 Borgnjor's Vile Clutch   Necr/Erth      10%        N/A       65%         5
 Confusing Touch          Hex            3%         N/A       80%         3
 Dazzling Flash           Conj/Hex       6%         N/A       80%         3
 Frozen Ramparts          Ice            6%         1d2       80%         3
 Gell's Gravitas          Tloc           3%         N/A       80%         3
 Lesser Beckoning         Tloc           3%         N/A       80%         3
 Portal Projectile        Hex/Tloc       6%         N/A       80%         3
 Stone Arrow              Conj/Erth      6%         3d7       80%         3
 Swiftness                Air            3%         N/A       80%         3
 Teleport Other           Tloc           3%         N/A       80%         3
 Airstrike                Air            1%         N/A       99%         4
 Fulminant Prism          Conj/Hex       1%         3d6       99%         4
 Ice Form                 Ice/Tmut       3%         N/A       99%         4
 Iskenderun's Mystic Bla  Conj/Tloc      3%         2d3       99%         4
 Summon Ice Beast         Ice/Summ       3%         N/A       99%         4
 Summon Lightning Spire   Summ/Air       3%         N/A       99%         4
 Lee's Rapid Deconstruct  Erth           1%         3d5*      100%        5
 Lightning Bolt           Conj/Air       1%         1d12      100%        5
 Manifold Assault         Tloc           3%         N/A       100%        5
 Dispersal                Tloc           1%         N/A       100%        6
 Enfeeble                 Hex            1%         N/A       100%        7
 Maxwell's Capacitive Co  Air            1%         โˆž       100%        8

Inventory:

Hand Weapons
 a - a +6 vampiric broad axe (weapon)
   (You took it off an orc warlord on level 2 of the Orcish Mines)
 b - a +5 vampiric broad axe
   (You found it on level 8 of the Dungeon)
Missiles
 c - 54 poisoned darts
 q - 2 silver javelins
 w - 10 atropa-tipped darts
 G - 6 javelins
Armour
 e - a +1 cloak (worn)
   (You took it off Maurice on level 10 of the Dungeon)
 f - a +2 buckler of reflection (worn)
   (You took it off a tengu warrior on level 14 of the Dungeon)
 j - a +1 helmet (worn)
   (You bought it in a shop on level 2 of the Orcish Mines)
 k - a +2 buckler of cold resistance
   (You found it in an ice cave)
 m - a +1 pair of gloves of strength (worn)
   (You found it on level 12 of the Dungeon)
 r - +0 ice dragon scales (worn)
   (You bought it in a shop on level 2 of the Dungeon)
 y - a +0 pair of boots (worn)
   (You found it in an ice cave)
 D - a +2 crystal plate armour of cold resistance {rare}
   (You found it in an ice cave)
 I - the +2 ring mail of Ezig {rElec rCorr Dex-5}
   (You found it on level 11 of the Dungeon)

   Dex:       It affects your dexterity (-5).
   rElec:     It insulates you from electricity.
   rCorr:     It protects you from acid and corrosion.
Jewellery
 v - a ring of see invisible
   (You took it off a centaur warrior on level 13 of the Dungeon)
 E - a +4 ring of evasion (left hand)
   (You found it on level 1 of the Dungeon)
 F - a ring of protection from fire
   (You found it on level 3 of the Lair of Beasts)
 O - a +4 ring of protection (right hand)
   (You found it on level 3 of the Lair of Beasts)
 P - the ring "Ynwyh" {rC+ Dex+2}
   (You found it in an ice cave)

   [ring of protection from cold]

   Dex:       It affects your dexterity (+2).
   rC:        It protects you from cold.
 Z - a ring of wizardry
   (You found it in an ice cave)
Wands
 p - a wand of digging (11)
   (You took it off Maurice on level 10 of the Dungeon)
 B - a wand of iceblast (6)
   (You found it on level 4 of the Dungeon)
 C - a wand of polymorph (4)
   (You found it on level 10 of the Dungeon)
 K - a wand of flame (40)
   (You found it on level 7 of the Dungeon)
Scrolls
 d - 2 scrolls of fear
 n - 2 scrolls of silence {!r}
 o - 14 scrolls of identify {@r1}
 t - 6 scrolls of fog
 u - 5 scrolls of amnesia
 x - 4 scrolls of immolation {!r!r}
 H - 2 scrolls of holy word
 J - 5 scrolls of teleportation {@r4}
 M - 2 scrolls of blinking {!r}
 N - 3 scrolls of magic mapping {!r}
 W - 4 scrolls of vulnerability {!r!r}
Potions
 g - 3 potions of cancellation
 h - 5 potions of brilliance
 i - 4 potions of flight
 l - 2 potions of resistance
 s - 4 potions of lignification {!q}
 A - 4 potions of haste {@q3}
 L - 5 potions of might
 R - a potion of invisibility
 S - 2 potions of magic
 T - 4 potions of attraction {!q}
 X - a potion of berserk rage {!q}
 Y - 4 potions of curing {@q1}
Miscellaneous
 Q - a phantom mirror
   (You found it on level 9 of the Dungeon)
 U - a phial of floods
   (You found it on level 1 of the Lair of Beasts)

Dungeon Overview and Level Annotations

Branches:
Dungeon (15/15)            Temple (0/1) D:5            Lair (6/6) D:9
 Shoals (3/4) Lair:4       Spider (3/4) Lair:4        Slime (3/5) Lair:6
    Orc (2/2) D:9             Elf (0/3) Orc:2        Vaults (0/5) D:13
 Depths (1/4) D:15          Sewer (visited)           IceCv (visited)

Altars:
Ashenzari
Elyvilon
Fedhas
Gozag
Kikubaaqudgha
Makhleb
Nemelex Xobeh
Ru
Trog
The Shining One
Beogh

Shops:
D:2 [   D:3 (   D:15 !**(   Orc:2 :[[(

Annotations:
D:3 1 runed translucent door, iamoutofideas's ghost, amateur DsFE
Lair:6 3 runed translucent doors, Penusax's ghost, journeyman GnTm
Shoals:2 2 transporters, Gunih's ghost, adept NaFi
Orc:1 3 runed translucent doors, Ejudein's ghost, journeyman MiFi; Moesa's ghost, journeyman GrFi; Pabrox's ghost, journeyman DsIE; Sucvi's ghost, journeyman MiFi
Abyss:1 Azrael; Erolcha; Gastronok; Prince Ribbit; Snorg

##.## #.................####.
##...## ##..............##.....
#.....####.............#######.
#)..โ€
>....#.......(.#.[.#.(..##
#.......#...###..(#.#.#(#.#(...
#.......#...##...)#.#^#.#(#[...
#.....###...##..###.s.#...###(.
#^....(^...###.....ยง.....(...^.
##...###(..# #@..###.....###...
##...()...# #.......###.......
#...###..###..###......(###..
##.......#...................
#.###(.......(###...#.###(..
#..(..(.....<.............(.
#..###.(.#.(.###([.....###(.
#....#(#.#.#(#.....##..#....
##..(#(#.#(#.#^....##..#(...


You could see an emperor scorpion.


Message History

You take 13 damage, and now have 68/168 hp.
You slash the entropy weaver!
You feel better.
You hit the emperor scorpion but do no damage.
You feel extremely sick. The emperor scorpion stings you.
* * * LOW HITPOINT WARNING * * *
You are lethally poisoned!
The emperor scorpion poisons you!
The emperor scorpion claws you but does no damage.
The emperor scorpion closely misses you.
The entropy weaver points at you and mumbles some strange words.
The entropic weave corrodes you! ๐Ÿ˜จ HP[-4]
You take 4 damage, and now have 64/168 hp.
You miss the entropy weaver.
You hit the emperor scorpion but do no damage.
* * * LOW HITPOINT WARNING * * *
You feel extremely sick.
The emperor scorpion completely misses you.
The emperor scorpion claws you.
You block the emperor scorpion's attack.
The entropy weaver hits you!
* * * LOW HITPOINT WARNING * * *
The entropy weaver misses you.
The entropy weaver hits you but does no damage.
The entropy weaver completely misses you. ๐Ÿ˜จ HP[-21]
You take 21 damage, and now have 43/168 hp.
You hit the entropy weaver. You slash the emperor scorpion!
* * * LOW HITPOINT WARNING * * *
You feel extremely sick. The emperor scorpion stings you.
The emperor scorpion barely misses you.
The emperor scorpion claws you but does no damage.
You block the entropy weaver's attack. The entropy weaver misses you.
The entropy weaver closely misses you.
The entropy weaver hits you but does no damage. ๐Ÿ˜ฑ HP[-11]
You take 11 damage, and now have 32/168 hp.
You closely miss the entropy weaver. You closely miss the emperor scorpion.
* * * LOW HITPOINT WARNING * * *
You feel extremely sick.
The emperor scorpion stings you but does no damage.
You block the emperor scorpion's attack.
The emperor scorpion claws you but does no damage.
The entropy weaver points at you and mumbles some strange words.
The entropic weave corrodes you! ๐Ÿ˜ฑ HP[-10]
You take 10 damage, and now have 22/168 hp.
Unknown command.
Unknown command.
You feel better. The emperor scorpion stings you.
You block the emperor scorpion's attack.
The emperor scorpion claws you but does no damage.
The entropy weaver closely misses you.
The entropy weaver hits you but does no damage.
The entropy weaver completely misses you.
The entropy weaver hits you. ๐Ÿ˜ฑ HP[+6]
You regained 6 hp, and now have 28/168 hp.
Space bends sharply around you!
You blink. ๐Ÿ˜ฑ HP[-2] MP[-1]
You take 2 damage, and now have 26/168 hp.
You lost 1 mp, and now have 17/18 mp.
Unknown command.
Aiming: Iceblast
Press: ? - help, Shift-Dir - straight line, f - emperor scorpion
Aim: an emperor scorpion (translocational energy, moderately wounded)
The mass of ice explodes!
The iceblast engulfs the emperor scorpion.
The iceblast engulfs the entropy weaver!!
You kill the entropy weaver!
Lugonu accepts your kill.
Lugonu will corrupt your weapon with distortion... once.
You hear a shout! ๐Ÿ˜ฑ MP[+1]
Your mp is fully restored (18).
You block the emperor scorpion's attack.
The emperor scorpion closely misses you.
The emperor scorpion claws you but does no damage.
The emperor scorpion barely misses you.
The emperor scorpion completely misses you.
The emperor scorpion barely misses you.
You see here a culicivora corpse.
There is a stone staircase leading up, spattered with blood here.
The emperor scorpion stings you.
* * * LOW HITPOINT WARNING * * *
You are lethally poisoned!
The emperor scorpion poisons you! The emperor scorpion misses you.
You block the emperor scorpion's attack.
You climb upwards.
* * * LOW HITPOINT WARNING * * *
You feel extremely sick.
There is a stone staircase leading down here. ๐Ÿ˜ฑ HP[-18]
You take 18 damage, and now have 8/168 hp.
Unknown command.
Space bends around you!
You blink.
You die...

Skill      XL: |  1  2  3  4  5  6  7  8  9 10 11 12 13 14 15 16 17 |
---------------+----------------------------------------------------+-----
Invocations    | 3 4 5 7 8 9 |  9.0
Fighting       | 3 4 5 6 7 9 10 11 12 13 14 | 14.7
Axes           | 3 4 5 6 7 9 10 12 13 14 15 16 17 | 17.2
Armour         | 3 4 5 6 7 9 10 12 13 14 15 16 17 | 17.2
Necromancy     | 1 2 3 4 5 7 8 10 11 12 13 | 13.0
Spellcasting   | 3 4 5 |  5.0
Shields        | 4 5 |  5.1
Evocations     | 7 10 11 | 11.4
Dodging        | |  1.1

Action                   |  1- 3 |  4- 6 |  7- 9 | 10-12 | 13-15 | 16-18 || total
-------------------------+-------+-------+-------+-------+-------+-------++-------
Melee: Hand axe          |   115 |   133 |   325 |    11 |       |       ||   584
       Punch             |     1 |     4 |     5 |     4 |     6 |       ||    20
       Broad axe         |       |       |       |   447 |  1259 |   965 ||  2671
 Fire: Hunting sling     |     6 |     2 |    73 |       |       |       ||    81
Throw: Dart              |     4 |     6 |    12 |    13 |    17 |     6 ||    58
       Javelin           |       |       |     1 |       |     3 |       ||     4
       Stone             |       |       |       |     1 |       |       ||     1
       Boomerang         |       |       |       |       |     2 |       ||     2
 Cast: Vampiric Draining |       |       |    63 |   191 |   354 |    15 ||   623
       Excruciating Woun |       |       |       |     2 |     2 |       ||     4
       Animate Dead      |       |       |       |       |     2 |       ||     2
       Dispel Undead     |       |       |       |       |    23 |     1 ||    24
Invok: Bend Space        |       |       |     2 |     1 |    11 |     3 ||    17
       Banish            |       |       |     1 |    18 |    42 |     3 ||    64
 Abil: Heal Wounds       |     2 |     1 |     8 |     5 |     7 |     7 ||    30
Evoke: Wand              |       |       |       |     3 |    18 |     9 ||    30
       Phantom mirror    |       |       |       |     1 |     1 |       ||     2
  Use: Scroll            |     6 |       |     9 |    10 |    18 |     3 ||    46
       Potion            |       |       |     5 |     4 |     8 |     9 ||    26
 Stab: Petrified         |       |       |       |       |     5 |       ||     5
       Paralysed         |       |       |       |       |     5 |       ||     5
       Distracted        |       |       |       |       |     1 |       ||     1
Armor: Leather armour    |    33 |       |       |       |       |       ||    33
       Plate armour      |     2 |    93 |   107 |       |       |       ||   202
       Ring mail         |       |       |    63 |    70 |    18 |       ||   151
       Steam dragon scal |       |       |       |   185 |   118 |       ||   303
       Ice dragon scales |       |       |       |       |   710 |   689 ||  1399
Dodge: Dodged            |   120 |    61 |   256 |   516 |   993 |   641 ||  2587
Block: Buckler           |       |       |       |       |   399 |   325 ||   724
       Reflection        |       |       |       |       |       |    14 ||    14

Levels and vault maps discovered:
D:1:      matt_arrival_spirals, layout_basic, minmay_misc_feat_rugged,
          chequers_mini_garden
D:2:      layout_loops_ring, serial_shops, nicolae_shop_advertising_works
          [nicolae_subvault_shop_adworks], kennysheep_generic_room_3
D:3:      layout_basic, nicolae_elyvilon_temple_path, serial_shops,
          nicolae_shop_window_shopping, hellmonk_ghost_happy_afterlife,
          mrwooster_statue_mirror
D:4:      layout_layer_cave, nemelex_spade_bored_becter,
          lightli_sewer_entry_pipes, roderic_malta_cross
D:5:      layout_cave_pods, tso_metal_star, lemuel_temple_firewalk_b,
          uniq_prince_ribbit1
D:6:      layout_loops_ring, nicolae_water_bricks
D:7:      lemuel_ratsnest, layout_basic, corner_web_ring
D:8:      layout_basic, gammafunk_ghost_hydra_chop, uniq_gastronok, uniq_harold
D:9:      layout_roguey, chequers_temple_overflow_statue_of_worship,
          erik_lair_orcish_takeover, david_orc_3, hex_medium, uniq_erolcha
D:10:     layout_cave_pods, uniq_maggie, uniq_maurice
D:11:     layout_basic, kennysheep_donut
D:12:     minmay_the_grid_triangle_9x9_rhombus_thin_mashed
          [minmay_the_grid_triangle_9x9_dagger,
          minmay_the_grid_triangle_9x9_prize_top_heavy,
          minmay_the_grid_triangle_9x9_from_above,
          minmay_the_grid_triangle_9x9_steps], layout_small_grid, uniq_jorgrun,
          uniq_psyche
D:13:     layout_loops_ring, david_vaults_5, abandoned_shop
D:14:     layout_basic, kiku_gazebo_garden_becter, st_stairs_11
D:15:     gammafunk_enter_depths_forms, layout_cave_pools, serial_shops,
          nicolae_shop_temple_entry_statues_fountains, shop_statue,
          nicolae_shop_statue_plus, nicolae_shop_bloodbath_and_beyond,
          nicolae_gozag_cash_rules_everything_around_me, uniq_azrael
Lair:1:   layout_regular_city, grunt_megastairs_4
Lair:2:   layout_roguey, beast_lair_carwin_1
Lair:3:   layout_chaotic_city, serial_bayou_shore_b
Lair:4:   beast_lair_carwin_large_2, layout_cave_pods, elwin_shoals_entry_rooms,
          spider_nest_entry_rubble
Lair:5:   layout_regular_city, basic_altar, nicolae_lair_liquid_snakes,
          grunt_megastairs_5
Lair:6:   minmay_lair_end_frog_pond, layout_regular_city,
          minmay_slime_entry_pillars, maelrawn_ghost_gauntlet_escape,
          gauntlet_entry_generic, basic_altar, lemuel_fruit_fields
Shoals:1: layout_shoals
Shoals:2: layout_shoals, ebering_ghost_davey_jones
Shoals:3: layout_shoals, uniq_mlioglotl
Spider:1: layout_cave_pods, einodemon_crawler_minivault
Spider:2: layout_cave_pods, hangedman_stitches_earthworm, uniq_aizul,
          uniq_louise
Spider:3: nicolae_spider_hilbert_zone_7 [nicolae_spider_hilbert_4_sides_1_open,
          nicolae_spider_hilbert_4_sides_1_open,
          nicolae_spider_hilbert_4_sides_1_open,
          nicolae_spider_hilbert_4_sides_1_open,
          nicolae_spider_hilbert_3_sides_1_open,
          nicolae_spider_hilbert_3_sides_1_open,
          nicolae_spider_hilbert_3_sides_1_open,
          nicolae_spider_hilbert_3_sides_1_open,
          nicolae_spider_hilbert_4_sides_1_open,
          nicolae_spider_hilbert_4_sides_1_open,
          nicolae_spider_hilbert_4_sides_1_open,
          nicolae_spider_hilbert_2_sides_1_open,
          nicolae_spider_hilbert_2_sides_1_open,
          nicolae_spider_hilbert_2_sides_1_open,
          nicolae_spider_hilbert_2_sides_1_open,
          nicolae_spider_hilbert_2_sides_1_open,
          nicolae_spider_hilbert_2_sides_1_open]
Slime:1:  layout_caves
Slime:2:  layout_caves, cheibrodos_slime_lost_civilization_4
Slime:3:  layout_caves
Orc:1:    layout_diamond_mine, gammafunk_ghost_cemetery,
          nicolae_volcano_entry_s_turn, portal_ice_cave_entry_pillars_2,
          uniq_snorg
Orc:2:    grunt_orc_community_town_hall, layout_diamond_mine,
          grunt_orc_community_big_house_2, grunt_orc_community_big_house_2,
          grunt_orc_community_house_2, grunt_orc_community_house_1,
          grunt_orc_community_house_2, grunt_orc_community_house_3, basic_altar,
          minmay_orc_barracks
Depths:1: minmay_haunted_quarter, layout_gridlike, enter_ziggurat_f,
          abyss_entry, serial_glass, glass_columns_b, glass_columns_c,
          glass_columns_b, glass_columns_a, glass_columns_a, glass_columns_a,
          glass_columns_b, glass_columns_b, glass_columns_a, glass_columns_a,
          feat_on_display, due_unseen_surprise, unseen_surprise_small,
          pf_coc_iceberg, chequers_serial_rivers_micro_b

Notes
Turn   | Place    | Note
-------+----------+-------------------------------------------
     0 | Abyss:1  | spiderkeys the Deep Dwarf Abyssal Knight began the quest
                  | for the Orb.
     0 | Abyss:1  | Reached XP level 1. HP: 20/20 MP: 2/2
     0 | Abyss:1  | magus.rc [v1.9.10]
     9 | D:1      | You pass through the gate.
     9 | D:1      | Escaped the Abyss
   122 | D:1      | Reached XP level 2. HP: 24/27 MP: 4/4
   167 | D:1      | You pick up a book of Geomancy and begin reading...
   167 | D:1      | You add the spells Sandblast, Passwall and Stone Arrow to
                  | your library.
   401 | D:1      | Reached skill level 3 in Invocations
   644 | D:1      | Reached skill level 3 in Fighting
   785 | D:2      | Found Hoetor's Armour Emporium.
   806 | D:2      | HP: 7/28 [frozen (1)]
   807 | D:2      | Reached ** piety under Lugonu
   819 | D:2      | Reached XP level 3. HP: 9/34 MP: 5/5
   920 | D:2      | HP: 8/34 [kobold (1)]
   953 | D:2      | HP: 6/34 [kobold (2)]
  1712 | D:3      | Found Zothruggou's Antique Weapon Shop.
  1774 | D:3      | Found a runed translucent door.
  1774 | D:3      | Noticed iamoutofideas's ghost (amateur DsFE)
  1785 | D:3      | Noticed an ogre
  1796 | D:3      | Killed an ogre
  1797 | D:3      | Reached skill level 3 in Axes
  1797 | D:3      | Reached skill level 3 in Armour
  1797 | D:3      | Reached skill level 1 in Necromancy
  1797 | D:3      | Reached XP level 4. HP: 33/42 MP: 5/5
  1797 | D:3      | Reached XP level 5. HP: 39/49 MP: 6/6
  2044 | D:3      | Reached skill level 4 in Invocations
  2114 | D:3      | Found a white marble altar of Elyvilon.
  2244 | D:4      | Noticed a black bear
  2252 | D:4      | Killed a black bear
  2253 | D:4      | Reached skill level 2 in Necromancy
  2253 | D:4      | Reached XP level 6. HP: 40/57 MP: 8/8
  2430 | D:4      | Reached skill level 4 in Axes
  2430 | D:4      | Reached skill level 4 in Armour
  2434 | D:4      | HP: 10/57 [worm (7)]
  2452 | D:4      | Reached skill level 4 in Fighting
  2452 | D:4      | Reached skill level 3 in Necromancy
  2498 | D:4      | Found a glowing drain.
  2505 | Sewer    | Entered a sewer
  2519 | Sewer    | Reached *** piety under Lugonu
  2520 | Sewer    | Reached skill level 5 in Invocations
  2637 | Sewer    | Reached XP level 7. HP: 22/64 MP: 8/8
  2869 | Sewer    | HP: 16/64 [kobold brigand (4)]
  3037 | Sewer    | Gained mutation: Your flesh is cold resistant. (rC+)
                  | [potion of mutation]
  3037 | Sewer    | Gained mutation: You are agile. (Dex +2) [potion of
                  | mutation]
  3136 | D:4      | Found a sparkling altar of Nemelex Xobeh.
  3216 | D:4      | Reached skill level 4 in Necromancy
  3341 | D:4      | Reached skill level 5 in Axes
  3341 | D:4      | Reached skill level 5 in Armour
  3341 | D:4      | Reached XP level 8. HP: 45/73 MP: 10/10
  3603 | D:4      | Reached skill level 6 in Invocations
  4268 | D:5      | Entered Level 5 of the Dungeon
  4384 | D:5      | Reached **** piety under Lugonu
  4530 | D:5      | Found a glowing golden altar of the Shining One.
  4714 | D:5      | Noticed Prince Ribbit
  4715 | D:5      | Banished Prince Ribbit
  4716 | D:5      | Reached skill level 5 in Fighting
  4904 | D:5      | Found a staircase to the Ecumenical Temple.
  5249 | D:6      | HP: 7/74 [ogre (20)]
  5265 | D:6      | Reached skill level 7 in Invocations
  5331 | D:6      | You pick up a book of Debilitation and begin reading...
  5331 | D:6      | You add the spells Slow, Vampiric Draining and Confusing
                  | Touch to your library.
  5355 | D:6      | HP: 18/74 [phantom (4)]
  5357 | D:6      | Reached skill level 6 in Axes
  5357 | D:6      | Reached skill level 6 in Armour
  5462 | D:6      | Learned a level 3 spell: Vampiric Draining
  5994 | D:6      | HP: 17/75 [bullfrog skeleton (1)]
  6023 | D:6      | HP: 15/75 [acid (2)]
  6514 | D:7      | Gained mutation: You passively map the area around you.
                  | [Deep Dwarf growth]
  6514 | D:7      | Reached XP level 9. HP: 37/81 MP: 8/12
  6581 | D:7      | Reached skill level 1 in Spellcasting
  7560 | D:7      | Reached skill level 5 in Necromancy
  7890 | D:7      | Reached skill level 8 in Invocations
  8167 | D:7      | Reached skill level 6 in Fighting
  8228 | D:7      | Reached skill level 2 in Spellcasting
  8958 | D:8      | HP: 16/82 [yak (6)]
  8960 | D:8      | Reached skill level 7 in Axes
  8996 | D:8      | HP: 13/82 [yak (3)]
  9003 | D:8      | HP: 14/82 [yak (9)]
  9007 | D:8      | HP: 1/82 [yak (7)]
  9009 | D:8      | Reached skill level 7 in Armour
  9038 | D:8      | Reached ***** piety under Lugonu
  9041 | D:8      | HP: 17/85 [yak (10)]
  9197 | D:8      | HP: 19/85 [centaur/arrow (4)]
  9203 | D:8      | Reached skill level 3 in Spellcasting
  9205 | D:8      | Reached XP level 10. HP: 34/92 MP: 3/13
  9309 | D:8      | Noticed Harold
  9316 | D:8      | Found a runed translucent gate.
  9317 | D:8      | Noticed an 11-headed hydra
  9318 | D:8      | Found a runed translucent gate.
  9318 | D:8      | Noticed oldriver's ghost (novice FoCK)
  9320 | D:8      | Found a runed translucent gate.
  9343 | D:8      | Banished an 11-headed hydra
  9344 | D:8      | Reached skill level 9 in Invocations
  9357 | D:8      | Killed oldriver's ghost
  9358 | D:8      | Reached skill level 8 in Armour
  9466 | D:8      | HP: 14/92 [Harold (10)]
  9467 | D:8      | Killed Harold
  9468 | D:8      | Reached skill level 7 in Fighting
  9468 | D:8      | Reached skill level 8 in Axes
  9469 | D:8      | Noticed Gastronok
  9471 | D:8      | Banished Gastronok
  9472 | D:8      | Reached skill level 6 in Necromancy
  9790 | D:8      | Reached skill level 9 in Armour
 10728 | D:9      | Noticed Erolcha
 10730 | D:9      | Banished Erolcha
 10731 | D:9      | Reached skill level 9 in Axes
 10731 | D:9      | Reached skill level 7 in Necromancy
 10731 | D:9      | Reached XP level 11. HP: 71/103 MP: 0/14
 11405 | D:9      | Found a blossoming altar of Fedhas.
 11490 | D:9      | Reached skill level 8 in Fighting
 11636 | D:9      | Found a staircase to the Orcish Mines.
 11815 | D:9      | Found a staircase to the Lair.
 11946 | D:9      | Found a bloodstained altar of Trog.
 11946 | D:9      | Found a burning altar of Makhleb.
 11947 | D:9      | Found a sacrificial altar of Ru.
 12321 | D:10     | Entered Level 10 of the Dungeon
 12672 | D:10     | Noticed a boulder beetle
 12688 | D:10     | Banished a boulder beetle
 12689 | D:10     | Reached skill level 8 in Necromancy
 12873 | D:10     | Reached skill level 10 in Armour
 12962 | D:10     | Noticed Maurice
 12981 | D:10     | Killed Maurice
 13504 | D:10     | You pick up a book of Rime and begin reading...
 13504 | D:10     | You add the spells Frozen Ramparts, Ice Form and Summon Ice
                  | Beast to your library.
 13510 | D:10     | Noticed Maggie
 13513 | D:10     | Noticed a two-headed ogre
 13517 | D:10     | Banished a two-headed ogre
 13518 | D:10     | Reached skill level 10 in Axes
 13528 | D:10     | Killed Maggie
 13767 | D:11     | You pick up a book of Pain and begin reading...
 13767 | D:11     | You add the spells Pain, Agony and Excruciating Wounds to
                  | your library.
 13774 | D:11     | Learned a level 5 spell: Excruciating Wounds
 13819 | D:11     | Noticed a brown ugly thing
 13821 | D:11     | Banished a brown ugly thing
 13935 | D:11     | Identified the +2 ring mail of Ezig {rElec rCorr Dex-5}
 14228 | D:11     | You pick up a book of Lightning and begin reading...
 14228 | D:11     | You add the spells Static Discharge, Lightning Bolt and
                  | Maxwell's Capacitive Coupling to your library.
 14400 | D:12     | Noticed Jorgrun
 14489 | Lair:1   | Entered Level 1 of the Lair of Beasts
 14505 | D:9      | Reached skill level 9 in Fighting
 14762 | Lair:1   | Noticed a five-headed hydra
 14763 | Lair:1   | Banished a five-headed hydra
 14764 | Lair:1   | Reached XP level 12. HP: 65/114 MP: 3/14
 16121 | Lair:2   | Reached skill level 11 in Armour
 16373 | Lair:2   | Reached skill level 9 in Necromancy
 16485 | Lair:2   | Reached skill level 11 in Axes
 16641 | Lair:2   | Noticed a six-headed hydra
 16642 | Lair:2   | Banished a six-headed hydra
 18048 | Lair:3   | Reached skill level 10 in Fighting
 18381 | Lair:3   | Reached skill level 10 in Necromancy
 18795 | Lair:3   | You pick up a book of Spatial Translocations and begin
                  | reading...
 18795 | Lair:3   | You add the spells Blink, Lesser Beckoning and Manifold
                  | Assault to your library.
 18971 | Lair:3   | You fall into a shaft and drop 1 floor!
 18992 | Lair:4   | Reached skill level 12 in Armour
 19110 | Lair:4   | Found a staircase to the Shoals.
 19225 | Lair:4   | Reached skill level 12 in Axes
 19433 | Lair:4   | Reached XP level 13. HP: 95/124 MP: 5/15
 19447 | Lair:4   | HP: 25/124 [torpor snail (9)]
 19518 | Lair:4   | HP: 13/124 [yak (2)]
 20424 | Lair:4   | You pick up a book of Unlife and begin reading...
 20424 | Lair:4   | You add the spells Animate Dead, Borgnjor's Vile Clutch and
                  | Death Channel to your library.
 20440 | Lair:4   | Learned a level 4 spell: Animate Dead
 21185 | Lair:4   | Found a hole to the Spider Nest.
 21886 | Lair:4   | Reached skill level 11 in Necromancy
 22676 | Lair:5   | Reached skill level 11 in Fighting
 22693 | Lair:6   | Entered Level 6 of the Lair of Beasts
 22701 | Lair:6   | Reached skill level 13 in Armour
 22747 | Lair:6   | HP: 16/127 [cane toad (20)]
 22747 | Lair:6   | HP: 5/127 [cane toad (11)]
 22780 | Lair:5   | Reached skill level 13 in Axes
 22912 | Lair:5   | Found a broken altar of Ashenzari.
 24518 | Orc:1    | Entered Level 1 of the Orcish Mines
 24682 | D:2      | Bought +0 ice dragon scales for 720 gold pieces
 24870 | D:9      | HP: 24/127 [orc priest/divine providence (10)]
 24878 | Orc:1    | HP: 26/127 [orc warrior (11)]
 24903 | Orc:1    | Found a frozen archway.
 24915 | Orc:1    | HP: 31/127 [warg (7)]
 24931 | Orc:1    | HP: 30/127 [orc warrior (5)]
 24936 | IceCv    | Entered an ice cave
 25335 | IceCv    | Identified a +1 crystal plate armour of cold resistance
 25360 | IceCv    | D - a +1 crystal plate armour of cold resistance {rare}
 25763 | IceCv    | Noticed a white draconian
 25772 | IceCv    | Banished a white draconian
 25773 | IceCv    | Gained mutation: You resist negative energy. (rN+) [Deep
                  | Dwarf growth]
 25773 | IceCv    | Reached XP level 14. HP: 60/135 MP: 2/16
 25873 | IceCv    | Identified a +2 crystal plate armour of cold resistance
 25876 | IceCv    | You drop a +1 crystal plate armour of cold resistance
                  | {rare}.
 25880 | IceCv    | D - a +2 crystal plate armour of cold resistance {rare}
 25918 | IceCv    | Identified the ring "Ynwyh" {rC+ Dex+2}
 26394 | Orc:1    | Reached skill level 1 in Shields
 26394 | Orc:1    | Reached skill level 12 in Necromancy
 26453 | Orc:1    | Noticed an orc warlord
 26659 | Orc:1    | Banished an orc warlord
 26820 | Orc:1    | Found a runed translucent gate.
 26820 | Orc:1    | Found a runed translucent gate.
 26822 | Orc:1    | Noticed Ejudein's ghost (journeyman MiFi)
 26822 | Orc:1    | Noticed Pabrox's ghost (journeyman DsIE)
 26823 | Orc:1    | Found a runed translucent gate.
 26823 | Orc:1    | Noticed Sucvi's ghost (journeyman MiFi)
 26823 | Orc:1    | Noticed Moesa's ghost (journeyman GrFi)
 26969 | Orc:1    | Reached skill level 2 in Shields
 27389 | Orc:2    | Entered Level 2 of the Orcish Mines
 27797 | Orc:1    | Noticed Snorg
 27810 | Orc:1    | Banished Snorg
 28382 | Orc:2    | Reached skill level 3 in Shields
 28479 | Orc:2    | Found a bloodstained altar of Trog.
 28493 | Orc:2    | Found a staircase to the Elven Halls.
 29354 | Orc:2    | Found Ugets's Book Emporium.
 29453 | Orc:2    | Bought a book of Decay for 390 gold pieces
 29453 | Orc:2    | You pick up a book of Decay and begin reading...
 29453 | Orc:2    | You add the spells Corpse Rot and Dispel Undead to your
                  | library.
 29483 | Orc:2    | Learned a level 4 spell: Dispel Undead
 29977 | Orc:2    | Noticed an orc warlord
 29981 | Orc:2    | Banished an orc warlord
 30126 | Orc:2    | Noticed an orc warlord
 30151 | Orc:2    | Reached skill level 4 in Shields
 30176 | Orc:2    | Killed an orc warlord
 30356 | Orc:2    | Found Laiff's Antique Weapon Emporium.
 30379 | Orc:2    | Found Jyeroh's Antique Armour Shoppe.
 30439 | Orc:2    | Found Tos Yzul's Antique Armour Boutique.
 30523 | Orc:2    | Bought a helmet for 135 gold pieces
 30738 | Lair:6   | Reached skill level 12 in Fighting
 30738 | Lair:6   | Reached skill level 14 in Armour
 30818 | Lair:6   | Reached skill level 14 in Axes
 30950 | Lair:6   | Found a staircase to the Slime Pits.
 30964 | Lair:6   | Reached skill level 4 in Spellcasting
 31004 | Lair:6   | HP: 31/138 [acid (5)]
 31277 | Lair:6   | Noticed Penusax's ghost (journeyman GnTm)
 31410 | Lair:6   | Found a runed translucent gate.
 31411 | Lair:6   | Found a runed translucent gate.
 31412 | Lair:6   | Found a runed translucent gate.
 31721 | Lair:6   | Found a broken altar of Ashenzari.
 31826 | Lair:6   | HP: 31/138 [goliath frog (12)]
 31984 | Lair:6   | HP: 32/138 [tyrant leech (3)]
 31996 | Lair:6   | You add the spells Ensorcelled Hibernation, Dazzling Flash,
                  | Portal Projectile and Enfeeble to your library.
 31996 | Lair:6   | Got Joagg's Incunabulum of the Spatial Oath
 32297 | Lair:6   | magus.rc [v1.9.10]
 32633 | D:12     | Noticed Psyche
 32647 | D:12     | Killed Psyche
 33426 | D:12     | Reached XP level 15. HP: 141/146 MP: 8/18
 33477 | D:12     | Killed Jorgrun
 33627 | D:12     | Reached skill level 13 in Necromancy
 33651 | D:12     | Reached skill level 5 in Spellcasting
 33651 | D:12     | Reached skill level 1 in Evocations
 33674 | D:12     | HP: 27/146 [something/fireball (47)]
 33675 | D:12     | Reached skill level 2 in Evocations
 33714 | D:12     | HP: 34/146 [troll (2)]
 33893 | D:12     | Identified the +8 rapier of Circularity {vorpal, rF+ Int+8}
 34105 | D:12     | You finish putting on your +2 crystal plate armour of cold
                  | resistance {rare}.
 34110 | D:12     | You finish taking off your +2 crystal plate armour of cold
                  | resistance {rare}.
 34460 | D:12     | Reached skill level 3 in Evocations
 34887 | D:13     | Identified the +2 robe of Vehumet's Outrage {rElec Dex+3
                  | Archmagi}
 34902 | D:13     | Found a gate to the Vaults.
 35056 | D:13     | Reached skill level 4 in Evocations
 35120 | D:13     | You pick up a book of Air and begin reading...
 35120 | D:13     | You add the spells Shock, Swiftness and Airstrike to your
                  | library.
 35397 | D:13     | Reached skill level 15 in Armour
 35867 | D:13     | Reached skill level 15 in Axes
 36441 | D:14     | Reached skill level 5 in Evocations
 36712 | D:13     | Reached skill level 13 in Fighting
 37225 | D:13     | HP: 27/147 [death knight (13)]
 37611 | D:14     | HP: 18/147 [centaur warrior/arrow (15)]
 37928 | Shoals:1 | Entered Level 1 of the Shoals
 37934 | Shoals:1 | You add the spells Gell's Gravitas, Teleport Other and
                  | Dispersal to your library.
 37944 | Shoals:1 | HP: 34/147 [drowned by a water elemental (1)]
 37987 | Shoals:1 | HP: 28/147 [merfolk javelineer/javelin (1)]
 38410 | Shoals:1 | Reached skill level 6 in Evocations
 39010 | Shoals:2 | Noticed Gunih's ghost (adept NaFi)
 39019 | Shoals:2 | Found a transporter.
 39035 | Shoals:2 | HP: 24/148 [water nymph/the raging water (36)]
 39046 | Shoals:2 | HP: 30/148 [drowned by a water nymph (11)]
 39431 | Shoals:3 | Noticed Mlioglotl
 39465 | Shoals:2 | Upgraded the game from 0.28-a0-1510-gd0f6b136d3 to
                  | 0.28-a0-1524-ge72afd5fc6
 39465 | Shoals:2 | magus.rc [v1.9.10]
 39484 | Shoals:3 | Killed Mlioglotl
 39526 | Shoals:3 | Reached skill level 7 in Evocations
 39528 | Shoals:3 | HP: 37/148 [alligator snapping turtle (24)]
 39533 | Shoals:3 | HP: 29/148 [faun (11)]
 39538 | Shoals:3 | HP: 9/148 [faun (10)]
 39551 | Shoals:3 | HP: 32/148 [alligator snapping turtle (1)]
 39554 | Shoals:3 | HP: 7/148 [alligator snapping turtle (18)]
 39565 | Shoals:3 | HP: 37/148 [drowned by a water elemental (3)]
 39709 | Shoals:2 | HP: 20/148 [merfolk siren (11)]
 39756 | Shoals:2 | Identified the ring of Milusaot {Fire Dex+5}
 39757 | Shoals:2 | Found a transporter.
 39896 | Slime:1  | Entered Level 1 of the Pits of Slime
 39903 | Lair:6   | HP: 37/148 [slime creature (2)]
 39923 | Lair:6   | Reached XP level 16. HP: 58/157 MP: 1/18
 40629 | D:14     | You pick up a book of Blasting and begin reading...
 40629 | D:14     | You add the spells Fulminant Prism, Iskenderun's Mystic
                  | Blast and Lee's Rapid Deconstruction to your library.
 40684 | D:14     | Found an ancient bone altar of Kikubaaqudgha.
 40796 | D:14     | HP: 34/157 [fire elemental[a deep elf pyromancer] (18)]
 40799 | D:14     | HP: 12/157 [deep elf pyromancer/bolt of fire (24)]
 40953 | D:14     | You pick up a book of Burglary and begin reading...
 41223 | D:15     | Entered Level 15 of the Dungeon
 41223 | D:15     | Noticed Azrael
 41400 | D:15     | HP: 35/157 [manticore/volley of spikes (3)]
 41410 | D:15     | HP: 29/157 [efreet (12)]
 41850 | Slime:1  | Reached skill level 8 in Evocations
 42071 | Slime:2  | Noticed an acid blob
 42087 | Slime:2  | Killed an acid blob
 42424 | D:15     | Found an opulent altar of Gozag.
 42481 | D:15     | Reached skill level 16 in Armour
 42493 | D:15     | Reached skill level 16 in Axes
 42512 | D:15     | HP: 35/158 [Azrael/damnation (34)]
 42513 | D:15     | Banished Azrael
 42650 | D:15     | Noticed a shadow dragon
 42650 | D:15     | a fenstrider witch changed into a shadow dragon
 42662 | D:15     | Noticed an iron giant
 42662 | D:15     | a shadow dragon changed into an iron giant
 42663 | D:15     | Noticed a caustic shrike
 42663 | D:15     | an iron giant changed into a caustic shrike
 42665 | D:15     | Noticed an acid blob
 42665 | D:15     | a caustic shrike changed into an acid blob
 42670 | D:15     | Killed an acid blob
 42688 | D:15     | Reached skill level 9 in Evocations
 42694 | D:15     | Found a staircase to the Depths.
 42823 | D:15     | Found Fewk's General Store.
 42866 | D:15     | Found Tuzxegit's General Store.
 42935 | D:15     | Found Seokkew's Distillery.
 42981 | D:15     | Reached skill level 14 in Fighting
 43048 | D:15     | Found Ycwutuxt's Weapon Boutique.
 43287 | Depths:1 | Entered Level 1 of the Depths
 43503 | Depths:1 | HP: 20/158 [hell knight/bolt of fire (31)]
 43612 | D:15     | magus.rc [v1.9.10]
 43792 | Spider:1 | Entered Level 1 of the Spider Nest
 43838 | Spider:1 | HP: 30/159 [boulder beetle (19)]
 43843 | Spider:1 | HP: 18/159 [boulder beetle (7)]
 43860 | Lair:4   | HP: 34/159 [demonic crawler (6)]
 43863 | Lair:4   | Reached skill level 10 in Evocations
 43865 | Lair:4   | Lost mutation: Your flesh is cold resistant. (rC+) [potion
                  | of mutation]
 43865 | Lair:4   | Lost mutation: You are agile. (Dex +2) [potion of mutation]
 43865 | Lair:4   | Gained mutation: You have large cloven feet. [potion of
                  | mutation]
 43865 | Lair:4   | Gained mutation: You are partially covered in iridescent
                  | scales. (AC +2) [potion of mutation]
 43865 | Lair:4   | Gained mutation: You are resistant to electric shocks.
                  | (rElec) [potion of mutation]
 43871 | Lair:4   | Lost mutation: You are resistant to electric shocks.
                  | (rElec) [potion of mutation]
 43871 | Lair:4   | Lost mutation: You have large cloven feet. [potion of
                  | mutation]
 43871 | Lair:4   | Lost mutation: You are partially covered in iridescent
                  | scales. (AC +2) [potion of mutation]
 43871 | Lair:4   | Gained mutation: You have sharp toenails. [potion of
                  | mutation]
 43871 | Lair:4   | Gained mutation: You are agile. (Dex +2) [potion of
                  | mutation]
 43871 | Lair:4   | Gained mutation: You are partially covered in iridescent
                  | scales. (AC +2) [potion of mutation]
 43871 | Lair:4   | Gained mutation: Your mind is acute. (Int +2) [potion of
                  | mutation]
 43874 | Lair:4   | Lost mutation: Your mind is acute. (Int +2) [potion of
                  | mutation]
 43874 | Lair:4   | Lost mutation: You have sharp toenails. [potion of
                  | mutation]
 43874 | Lair:4   | Gained mutation: Your mind is acute. (Int +2) [potion of
                  | mutation]
 43874 | Lair:4   | Gained mutation: You sometimes lose the ability to read
                  | scrolls when taking damage. [potion of mutation]
 43874 | Lair:4   | Gained mutation: You passively map a large area around you.
                  | [potion of mutation]
 43876 | Lair:4   | Lost mutation: You sometimes lose the ability to read
                  | scrolls when taking damage. [potion of mutation]
 43876 | Lair:4   | Lost mutation: You are partially covered in iridescent
                  | scales. (AC +2) [potion of mutation]
 43876 | Lair:4   | Lost mutation: Your mind is acute. (Int +2) [potion of
                  | mutation]
 43876 | Lair:4   | Gained mutation: Your muscles are strong. (Str +2) [potion
                  | of mutation]
 43876 | Lair:4   | Gained mutation: You are covered in fur. (AC +1) [potion of
                  | mutation]
 43880 | Lair:4   | Lost mutation: You are agile. (Dex +2) [potion of mutation]
 43880 | Lair:4   | Lost mutation: You are covered in fur. (AC +1) [potion of
                  | mutation]
 43880 | Lair:4   | Lost mutation: Your muscles are strong. (Str +2) [potion of
                  | mutation]
 43880 | Lair:4   | Lost mutation: You passively map a large area around you.
                  | [potion of mutation]
 44687 | Spider:1 | Upgraded the game from 0.28-a0-1524-ge72afd5fc6 to
                  | 0.29-a0-22-gbf593b16ee
 44687 | Spider:1 | magus.rc [v1.9.10]
 44751 | Spider:1 | Reached XP level 17. HP: 151/168 MP: 19/19
 44922 | Spider:2 | Reached skill level 11 in Evocations
 45333 | Spider:2 | Reached skill level 17 in Axes
 45471 | Spider:2 | Reached skill level 17 in Armour
 45665 | Spider:2 | Noticed Louise
 45695 | Spider:2 | You are cast into the Abyss!
 45695 | Spider:2 | Cast into level 3 of the Abyss (Louise)
 45695 | Abyss:3  | Found a corrupted altar of Lugonu.
 45724 | Spider:2 | You pass through the gate.
 45724 | Spider:2 | Escaped the Abyss
 45725 | Spider:2 | HP: 40/168 [Louise/bolt of lightning (18)]
 45741 | Spider:2 | Killed Louise
 46165 | Spider:2 | Noticed Aizul
 46200 | Spider:2 | Killed Aizul
 46219 | Spider:2 | You pick up a book of Storms and begin reading...
 46389 | Spider:3 | HP: 36/168 [wolf spider (13)]
 46396 | Spider:2 | HP: 41/168 [redback (1)]
 46523 | Spider:3 | HP: 27/168 [wolf spider (9)]
 46538 | Spider:3 | HP: 25/168 [culicivora (7)]
 46544 | Spider:3 | HP: 35/168 [radroach (14)]
 46555 | Spider:3 | Reached skill level 5 in Shields
 46703 | Spider:3 | HP: 32/168 [poisoned by an emperor scorpion]
 46707 | Spider:3 | Reached ****** piety under Lugonu
 46722 | Spider:3 | HP: 24/168 [emperor scorpion (2)]
 46723 | Spider:2 | HP: 8/168 [poisoned by an emperor scorpion]
 46724 | Spider:2 | Succumbed to an emperor scorpion's poison

Vanquished Creatures
  Jorgrun (D:12)
  An acid blob (Slime:2)
  An acid blob (shapeshifter) (D:15)
  A rockslime (Slime:1)
  An emperor scorpion (Spider:1)
  Louise (Spider:2)
  An orc warlord (Orc:2)
  Aizul (Spider:2)
  A quicksilver ooze (Lair:6)
  2 entropy weavers
  A spark wasp (Lair:4)
  An ettin (D:15)
  2 merfolk javelineers
  A merfolk impaler (D:15)
  2 great orbs of eyes
  A vault guard (D:13)
  Harold (D:8)
  A rakshasa (Depths:1)
  2 ogre magi (D:13)
  12 boulder beetles
  A radroach (Spider:3)
  7 centaur warriors
  2 jorogumos
  2 death knights
  A two-headed ogre (D:12)
  A catoblepas (Lair:5)
  An alligator snapping turtle (Shoals:3)
  4 tengu warriors
  A deep troll shaman (D:15)
  3 death yaks
  An orc high priest (Orc:2)
  A steelbarb worm (Spider:2)
  2 pharaoh ants
  5 skeletal warriors
  2 sea snakes
  4 deep trolls
  3 orb spiders
  A glowing orange brain (D:15)
  A lindwurm (Lair:4)
  4 harpies (Shoals:1)
  An orc sorcerer (D:9)
  14 ugly things
  4 deep elf pyromancers
  An orc knight (Orc:2)
  11 wolf spiders
  A necromancer (Depths:1)
  2 fauns
  4 manticores
  5 cyclopes
  A moth of wrath (Spider:2)
  Maurice (D:10)
  3 merfolk sirens
  11 elephants
  2 ice statues (IceCv)
  A torpor snail (Lair:4)
  5 black mambas
  A water nymph (Shoals:2)
  The ghost of oldriver the Skirmisher, a novice FoCK of Xom (D:8)
  A gargoyle (D:13)
  14 cane toads
  Maggie (D:10)
  10 komodo dragons
  8 demonic crawlers
  Psyche (D:12)
  An efreet (D:15)
  8 rime drakes
  3 freezing wraiths
  5 merfolk
  7 trolls
  6 meliai
  7 tyrant leeches
  A wind drake (Shoals:1)
  11 tarantellas
  8 dream sheep
  30 blink frogs
  8 culicivoras
  2 hornets
  32 slime creatures
  4 snapping turtles (Shoals:1)
  A vampire (D:12)
  16 jumping spiders
  3 shadows
  51 yaks
  3 wraiths
  4 water elementals
  4 wyverns
  4 basilisks
  4 fire bats (Lair:5)
  3 fire elementals (D:15)
  35 redbacks
  A redback (shapeshifter) (Depths:1)
  4 steam dragons
  8 vampire mosquitoes
  4 wargs
  12 water moccasins
  4 hell hounds (D:15)
  An acid dragon (D:12)
  An ice beast (D:7)
  A sky beast (D:7)
  2 black bears
  39 orc warriors
  A necrophage (D:7)
  18 wolves
  7 ogres
  10 centaurs
  A phantom (D:6)
  5 kobold brigands
  A scorpion (D:4)
  28 bullfrogs
  A gnoll sergeant (D:9)
  3 water moccasin skeletons
  2 lindwurm simulacra (IceCv)
  A howler monkey (D:12)
  4 electric eels
  3 lava snakes (Lair:5)
  3 centaur zombies
  A bullfrog zombie (D:6)
  8 komodo dragon simulacra (IceCv)
  3 bullfrog skeletons
  26 orc priests
  A centaur skeleton (D:6)
  A hound (D:4)
  6 jellies
  4 iguanas
  30 orc wizards
  3 hell rats (D:7)
  3 killer bee zombies
  2 hound skeletons
  A howler monkey zombie (D:10)
  7 gnolls
  2 howler monkey skeletons
  8 acid dragon simulacra (IceCv)
  8 adders
  6 river rats
  A white imp (D:4)
  3 steam dragon simulacra (IceCv)
  2 ufetubi
  4 worms
  3 dart slugs (D:1)
  117 orcs
  9 endoplasms
  2 giant cockroaches
  5 goblins
  6 hobgoblins
  3 jackals (D:3)
  7 quokkas (D:7)
  12 ball pythons
  5 bats
  2 frilled lizards
  25 kobolds
  26 rats
964 creatures vanquished.

Vanquished Creatures (collateral kills)
  Mlioglotl (Shoals:3)
  A two-headed ogre (D:12)
  A deep elf pyromancer (D:12)
  A faun (Shoals:3)
  A cane toad (Lair:6)
  A rime drake (Lair:6)
  2 dream sheep (Lair:5)
  A blink frog (Lair:6)
  3 yaks (Lair:6)
  2 water moccasins (Lair:6)
  An orc warrior (Orc:2)
  An orc (Orc:2)
16 creatures vanquished.

Vanquished Creatures (others)
  A tengu warrior (D:15)
  A wizard (D:12)
  A cane toad (Lair:6)
  A dream sheep (Lair:5)
  An orc (D:9)
  54 fungi
  129 plants
  5 withered plants
193 creatures vanquished.

Grand Total: 1173 creatures vanquished

Table legend:
 A = Non-vault XP
 B = Vault XP
 C = Vault XP percentage of total XP
 D = Non-vault monster count
 E = Vault monster count
 F = Vault count percentage of total count
                 A         B        C        D         E       F
            +---------+---------+-------+---------+---------+-------
      Total |  166912 |   75114 |  31.0 |     684 |     331 |  32.6
            +---------+---------+-------+---------+---------+-------
        D:1 |      37 |       0 |   0.0 |      19 |       0 |   0.0
        D:2 |      25 |       2 |   7.4 |      12 |       1 |   7.7
        D:3 |     226 |       0 |   0.0 |      19 |       0 |   0.0
        D:4 |     828 |      37 |   4.3 |      28 |       5 |  15.2
        D:5 |     202 |     286 |  58.6 |       8 |       1 |  11.1
        D:6 |     511 |       0 |   0.0 |       9 |       0 |   0.0
        D:7 |    1033 |     426 |  29.2 |      18 |      35 |  66.0
        D:8 |    2780 |    3691 |  57.0 |      20 |       4 |  16.7
        D:9 |    4068 |    1597 |  28.2 |      31 |      15 |  32.6
       D:10 |    3174 |     885 |  21.8 |      19 |       2 |   9.5
       D:11 |    1308 |       0 |   0.0 |       5 |       0 |   0.0
       D:12 |    4301 |   12287 |  74.1 |      27 |      21 |  43.8
       D:13 |   11556 |    4925 |  29.9 |      19 |       7 |  26.9
       D:14 |    5271 |    1675 |  24.1 |       9 |       2 |  18.2
       D:15 |   14346 |    7120 |  33.2 |      32 |      15 |  31.9
     Lair:1 |    3300 |      85 |   2.5 |      14 |       1 |   6.7
     Lair:2 |    6558 |     786 |  10.7 |      29 |       7 |  19.4
     Lair:3 |    4151 |    1624 |  28.1 |      20 |       2 |   9.1
     Lair:4 |   13177 |    2446 |  15.7 |      48 |       7 |  12.7
     Lair:5 |    7182 |    1896 |  20.9 |      20 |      10 |  33.3
     Lair:6 |   14369 |    9984 |  41.0 |      39 |      36 |  48.0
   Shoals:1 |    7047 |       0 |   0.0 |      15 |       0 |   0.0
   Shoals:2 |    5616 |       0 |   0.0 |      11 |       0 |   0.0
   Shoals:3 |    2839 |    1779 |  38.5 |       6 |       1 |  14.3
   Spider:1 |   10833 |    6330 |  36.9 |      34 |      10 |  22.7
   Spider:2 |   16710 |    5558 |  25.0 |      49 |       8 |  14.0
   Spider:3 |    3731 |     166 |   4.3 |      10 |       1 |   9.1
    Slime:1 |    7484 |       0 |   0.0 |      18 |       0 |   0.0
    Slime:2 |    2685 |       0 |   0.0 |       5 |       0 |   0.0
    Slime:3 |     894 |       0 |   0.0 |       1 |       0 |   0.0
      Orc:1 |    4934 |    1072 |  17.8 |      60 |       3 |   4.8
      Orc:2 |    2621 |    6102 |  70.0 |      25 |      84 |  77.1
   Depths:1 |    3115 |       0 |   0.0 |       5 |       0 |   0.0
      Sewer |       0 |     380 | 100.0 |       0 |      25 | 100.0
      IceCv |       0 |    3975 | 100.0 |       0 |      28 | 100.0
            +---------+---------+-------+---------+---------+-------

Illustrated notes

Table legend:
 A = Kills in this place as a percentage of kills in entire the game.
 B = Kills by you in this place as a percentage of kills by you in the entire game.
 C = Kills by friends in this place as a percentage of kills by friends in the entire game.
 D = Other kills in this place as a percentage of other kills in the entire game.
 E = Experience gained in this place as a percentage of experience gained in the entire game.
 F = Experience gained in this place divided by the number of levels of this place that you have seen.
                   A       B       C       D       E      F
               +-------+-------+-------+-------+-------+----------------------
         Total | 100.0 | 100.0 | 100.0 | 100.0 | 100.0 | 6541.2
       Dungeon |  37.7 |  38.0 |  12.5 |  42.9 |  34.1 | 5506.5
          Lair |  23.0 |  21.9 |  62.5 |  34.3 |  27.1 | 10926.3
        Shoals |   3.3 |   3.1 |  12.5 |   2.9 |   7.1 | 5760.3
   Spider Nest |  11.0 |  11.6 |   0.0 |   0.0 |  17.9 | 14442.7
    Slime Pits |   2.4 |   2.4 |   0.0 |   2.9 |   4.6 | 3687.7
  Orcish Mines |  16.9 |  17.1 |  12.5 |  14.3 |   6.1 | 7364.5
        Depths |   0.5 |   0.5 |   0.0 |   0.0 |   1.3 | 3115.0
         Sewer |   2.5 |   2.6 |   0.0 |   0.0 |   0.2 | 380.0
      Ice Cave |   2.8 |   2.8 |   0.0 |   2.9 |   1.6 | 3975.0
               +-------+-------+-------+-------+-------+----------------------

Table legend: (Time is in decaauts)
 A = Elapsed time spent in this place.
 B = Non-inter-level travel time spent in this place.
 C = Inter-level travel time spent in this place.
 D = Time resting spent in this place.
 E = Time spent auto-exploring this place.
 F = Levels seen in this place.
 G = Mean time per level.
                   A        B        C        D        E       F      G
               +--------+--------+--------+--------+--------+-----+--------+
         Total |  46935 |  43539 |   3396 |   9907 |  23171 |  37 | 1268.5 |
       Dungeon |  23229 |  21007 |   2222 |   5010 |  11744 |  15 | 1548.6 |
          Lair |  12367 |  11430 |    937 |   1859 |   7208 |   6 | 2061.2 |
        Shoals |   1963 |   1884 |     79 |    565 |    518 |   3 |  654.3 |
   Spider Nest |   2649 |   2613 |     36 |    505 |   1269 |   3 |  883.0 |
    Slime Pits |    760 |    727 |     33 |    180 |      0 |   3 |  253.3 |
  Orcish Mines |   3970 |   3884 |     86 |   1185 |   1818 |   2 | 1985.0 |
        Depths |    165 |    165 |      0 |      0 |     52 |   1 |  165.0 |
         Abyss |     37 |     37 |      0 |      0 |      5 |   2 |   18.5 |
         Sewer |    614 |    614 |      0 |    100 |    252 |   1 |  614.0 |
      Ice Cave |   1177 |   1177 |      0 |    503 |    303 |   1 | 1177.0 |
               +--------+--------+--------+--------+--------+-----+--------+

Top non-repeatable levels by time:
  Lair:4: 3291 daAuts
    D:13: 3105 daAuts
     D:9: 2847 daAuts
    D:12: 2223 daAuts
     D:8: 2178 daAuts
  Lair:5: 2175 daAuts
     D:7: 2079 daAuts
  Lair:3: 2026 daAuts
   Orc:1: 2008 daAuts
   Orc:2: 1962 daAuts
Spider:2: 1796 daAuts
  Lair:2: 1742 daAuts
  Lair:6: 1708 daAuts
     D:4: 1595 daAuts
    D:10: 1550 daAuts
